 Dungeon Crawl Stone Soup version 0.26-a0-648-g87339cca5e (webtiles) character file.

Game seed: 16047962887580656389

10498 DogServant the Protected (level 11, 68/68 HPs)
             Began as a Tengu Summoner on Sept 25, 2020.
             Was a Priest of Makhleb.
             Quit the game on level 3 of the Lair of Beasts.
             The game lasted 01:20:36 (19475 turns).

DogServant the Protected (Tengu Summoner)          Turns: 19475, Time: 01:20:36

Health: 68/68      AC:  5    Str:  9    XL:     11   Next: 63%
Magic:  16/16      EV: 19    Int: 15    God:    Makhleb [***...]
Gold:   716        SH:  6    Dex: 18    Spells: 3/16 levels left

rFire    . . .     SeeInvis .   l - +1 spear (flame)
rCold    . . .     Faith    .   B - +1 buckler
rNeg     . . .     Spirit   .   n - +0 leather armour
rPois    .         Reflect  .   (helmet restricted)
rElec    .         Harm     .   D - +0 cloak
rCorr    .         Rampage  .   (no gloves)
MR       .....                  (boots unavailable)
Stlth    ++........             (no amulet)
HPRegen  0.21/turn              g - +4 ring of slaying
MPRegen  0.15/turn              (no ring)

@: flying quickly and evasively, studying Armour, quick
A: beak, talons 3, able to fly
a: Stop Flying, Minor Destruction, Lesser Servant of Makhleb, Renounce Religion


You were on level 3 of the Lair of Beasts.
You worshipped Makhleb.
Makhleb was most pleased with you.
You visited 3 branches of the dungeon, and saw 14 of its levels.
You also visited: Sewer.

You collected 716 gold pieces.

Inventory:

Hand Weapons
 l - a +1 spear of flaming (weapon)
 v - a +0 shortbow
Missiles
 c - 31 bolts
 k - 7 atropa-tipped darts (quivered)
 m - 29 poisoned darts
 q - 217 arrows
 s - 4 curare-tipped darts
Armour
 h - a +0 ring mail
 n - a +0 leather armour (worn)
 B - a +1 buckler (worn)
 D - a +0 cloak (worn)
Jewellery
 g - a +4 ring of slaying (left hand)
Wands
 x - a wand of acid (5)
 y - a wand of polymorph (8)
 C - a wand of flame (83)
 H - a wand of random effects (23)
Scrolls
 b - a scroll of vulnerability {unknown}
 f - 3 scrolls of identify
 i - 4 scrolls of remove curse
 o - 4 scrolls of magic mapping
 p - 6 scrolls of fog
 t - a scroll of blinking
 u - 3 scrolls of enchant weapon
 z - a scroll of enchant armour
 A - 3 scrolls of amnesia
 I - 4 scrolls of teleportation
 J - a scroll of fear
Potions
 a - a potion of brilliance
 d - 2 potions of curing
 e - 3 potions of stabbing
 j - 2 potions of haste
 r - a potion of magic
 w - 2 potions of lignification
 F - a potion of cancellation {unknown}
 G - a potion of experience {unknown}
Books
 E - a manual of Armour
Miscellaneous
 K - a phial of floods


   Skills:
 + Level 7.9 Fighting
 - Level 7.0 Polearms
 - Level 2.3 Bows
 - Level 2.0 Throwing
 + Level 9.2 Armour
 - Level 6.2 Dodging
 - Level 2.0 Stealth
 - Level 4.0 Shields
 - Level 3.0 Spellcasting
 - Level 2.1 Hexes
 + Level 8.6 Summonings
 + Level 7.1 Air Magic
 - Level 5.2 Invocations


You had 3 spell levels left.
You knew the following spells:

 Your Spells              Type           Power        Failure   Level
a - Summon Small Mammal   Summ           ####         1%          1
b - Call Imp              Summ           ####....     1%          2
c - Call Canine Familiar  Summ           ####....     2%          3
d - Summon Guardian Gole  Hex/Summ       ###.....     9%          3
e - Summon Lightning Spi  Summ/Air       ####....     10%         4

Your spell library contained the following spells:

 Spells                   Type           Power        Failure   Level
 Summon Ice Beast         Ice/Summ       ###.....     38%         4
 Bolt of Magma            Conj/Fire/Erth #.........   100%        5
 Iskenderun's Battlesphe  Conj           #.......     100%        5
 Iron Shot                Conj/Erth      #.........   100%        6
 Orb of Destruction       Conj           #.........   100%        7
 Spellforged Servitor     Conj/Summ      ###.......   100%        7


Dungeon Overview and Level Annotations

Branches:
Dungeon (10/15)            Temple (1/1) D:5            Lair (3/6) D:9
  Swamp (0/4) Lair:2        Sewer (visited)
  Snake: Lair:2-4    Spider: Lair:2-4       Orc: D:9-12

Altars:
Ashenzari
Cheibriados
Dithmenos
Elyvilon
Fedhas
Gozag
Hepliaklqana
Kikubaaqudgha
Makhleb
Nemelex Xobeh
Okawaru
Qazlal
Ru
Sif Muna
Trog
Uskayaw
Vehumet
Wu Jian
Xom
Yredelemnul
Zin
The Shining One

Annotations:
D:7 2 transporters, iVAG's ghost, novice DDFi
D:10 Psyche
Lair:1 1 runed translucent door, brujo666's ghost, journeyman GnWn


Innate Abilities, Weirdness & Mutations

You have a beak for a mouth.
You have claws for feet.
You can fly continuously.


Message History

No target in view!
HP restored.
Key pressed, stopping explore.
Things that are here:
a +1 dagger of flaming; a +0 robe You see here 27 stones.
Done exploring.
Done exploring.
(D) Dungeon (T) Temple (L) Lair (S) Swamp
Where to? (Enter - Lair:1 @ (x,y), ? - help)
There is a stone staircase leading down here.
You fly downwards.
There is a stone staircase leading up here.
A death yak comes into view.
A hippogriff comes into view.
A death yak comes into view.
There are monsters nearby!
A death yak comes into view.
The death yak bellows!
Unknown command.
Are you sure you want to abandon this character and quit the game? (Confirm with "yes".)

...........H..
...........YY
......?....
#P.P.....#
.P......##
#P...^..#
##......P#
##...@..P#
##......###
##......##
##.......#
#....<..##
........P##
........##
.......##
.....##


You could see 2 death yaks and a hippogriff (wandering).

Vanquished Creatures
  Nergalle (Lair:2)
  3 komodo dragons
  2 rime drakes
  Grinder (D:3)
  3 blink frogs (Lair:2)
  2 hippogriffs
  A wyvern (D:8)
  7 yaks
  Grum (Lair:1)
  4 water moccasins
  6 porcupines
  2 sky beasts
  An ice beast (D:6)
  Purgy (D:3)
  A phantom (D:9)
  3 black bears
  An ogre (D:6)
  6 wolves
  6 crocodiles
  2 centaurs
  5 bullfrogs
  A wyvern skeleton (D:9)
  3 scorpions
  4 killer bees
  5 wights
  A centaur zombie (D:8)
  3 hounds
  3 centaur skeletons
  2 orc priests (D:7)
  4 orc wizards
  2 iguanas
  4 worker ants
  2 nameless horrors
  A hound skeleton (D:4)
  4 gnolls (D:7)
  4 adders
  A river rat (D:3)
  A shadow imp (D:5)
  4 white imps
  2 oozes
  An adder skeleton (D:5)
  5 worms
  2 dart slugs
  4 leopard geckos
  18 orcs
  2 ball pythons (Sewer)
  3 giant cockroaches
  7 hobgoblins
  5 jackals
  4 quokkas
  5 bats
  9 frilled lizards
  11 goblins
  7 kobolds
  A leopard gecko skeleton (D:7)
  9 rats
203 creatures vanquished.

Vanquished Creatures (collateral kills)
  2 hydras (Lair:2)
  A cane toad (Lair:2)
  A troll (D:9)
  A yak (D:9)
  2 sky beasts
  A necrophage (D:8)
  2 centaurs
  A crocodile (D:9)
  A nameless horror (D:7)
  A big kobold (D:9)
  2 bullfrogs
  A scorpion (D:7)
  A killer bee (D:9)
  2 wights (D:6)
  A jelly (D:5)
  3 orc priests
  A hound (D:7)
  2 iguanas
  An adder (D:3)
  A river rat (D:3)
  A shadow imp (D:9)
  2 oozes (D:1)
  2 worms
  2 leopard geckos
  9 orcs
  3 ball pythons
  A giant cockroach (D:2)
  A goblin (D:1)
  A hobgoblin (D:2)
  2 jackals
  2 kobolds (D:9)
  A quokka (D:2)
  2 frilled lizards
  2 rats
59 creatures vanquished.

Vanquished Creatures (others)
  3 yaks (Lair:1)
  A black bear (D:9)
  13 fungi
  34 plants
51 creatures vanquished.

Grand Total: 313 creatures vanquished

Notes
Turn   | Place    | Note
-------+----------+-------------------------------------------
     0 | D:1      | DogServant the Tengu Summoner began the quest for the Orb.
     0 | D:1      | Reached XP level 1. HP: 10/10 MP: 4/4
   237 | D:1      | Reached skill level 5 in Summonings
   237 | D:1      | Reached XP level 2. HP: 16/16 MP: 6/6
   318 | D:1      | Learned a level 2 spell: Call Imp
   381 | D:1      | Reached skill level 1 in Fighting
   628 | D:1      | Reached XP level 3. HP: 13/20 MP: 4/7
  1263 | D:2      | Reached skill level 1 in Polearms
  1263 | D:2      | Reached XP level 4. HP: 17/25 MP: 0/8
  2189 | D:2      | Learned a level 3 spell: Call Canine Familiar
  2829 | D:3      | Found a glowing drain.
  2834 | Sewer    | Entered a sewer
  3053 | Sewer    | Noticed Purgy
  3081 | D:3      | HP: 1/26 [Purgy (1)]
  3410 | D:3      | Noticed Grinder
  3413 | D:3      | Noticed a sky beast
  3432 | D:3      | Killed a sky beast
  3432 | D:3      | Reached skill level 1 in Throwing
  3432 | D:3      | Reached skill level 1 in Armour
  3432 | D:3      | Gained mutation: You can fly continuously. [Tengu growth]
  3432 | D:3      | Reached XP level 5. HP: 30/30 MP: 0/9
  3447 | D:3      | Killed Grinder
  3447 | D:3      | Reached XP level 6. HP: 36/36 MP: 2/10
  3662 | D:3      | Found a faded altar of an unknown god.
  4159 | D:4      | Reached skill level 2 in Armour
  4417 | D:4      | Learned a level 3 spell: Summon Guardian Golem
  4962 | D:5      | Entered Level 5 of the Dungeon
  4974 | D:5      | Reached XP level 7. HP: 41/41 MP: 8/11
  5277 | D:5      | Reached skill level 1 in Bows
  6234 | D:5      | Found a staircase to the Ecumenical Temple.
  6243 | Temple   | Entered the Ecumenical Temple
  6546 | Temple   | Became a worshipper of Makhleb the Destroyer
  7280 | D:7      | Reached skill level 1 in Shields
  7766 | D:7      | Reached XP level 8. HP: 43/48 MP: 12/12
  7810 | D:7      | Noticed a yak
  7811 | D:7      | Noticed a centaur warrior
  7811 | D:7      | Noticed a hippogriff
  7813 | D:7      | Noticed iVAG's ghost (novice DDFi)
  8515 | D:6      | HP: 2/72 [black bear (5)]
  8517 | D:6      | Reached * piety under Makhleb
  8517 | D:6      | Reached skill level 1 in Invocations
  8903 | D:6      | Reached skill level 5 in Polearms
  9113 | D:6      | Found an ornate altar of the Wu Jian Council.
 10161 | D:6      | Learned a level 4 spell: Summon Lightning Spire
 11125 | D:7      | Found a transporter.
 11313 | D:7      | Found a transporter.
 11527 | D:7      | Reached XP level 9. HP: 42/52 MP: 11/14
 11605 | D:7      | Found an iron altar of Okawaru.
 11743 | D:8      | Reached skill level 1 in Hexes
 13353 | D:3      | Killed Purgy
 13388 | D:3      | Reached ** piety under Makhleb
 13973 | D:9      | Noticed a troll
 13986 | D:9      | Killed a troll
 14267 | D:9      | Found a staircase to the Lair.
 14345 | D:9      | Reached XP level 10. HP: 58/58 MP: 15/15
 14443 | D:9      | Reached skill level 5 in Dodging
 14456 | D:9      | Found a sparkling altar of Nemelex Xobeh.
 14521 | D:9      | Reached skill level 3 in Armour
 14962 | D:9      | Found a snail-covered altar of Cheibriados.
 14963 | D:9      | Found a basalt altar of Yredelemnul.
 15073 | D:9      | Reached skill level 5 in Fighting
 15184 | D:9      | Reached skill level 5 in Invocations
 15380 | D:9      | Reached skill level 4 in Armour
 15647 | D:9      | Reached *** piety under Makhleb
 15756 | D:9      | Found a sacrificial altar of Ru.
 15969 | D:10     | Entered Level 10 of the Dungeon
 15969 | D:10     | Noticed Psyche
 15969 | D:10     | Noticed a two-headed ogre
 15987 | Lair:1   | Entered Level 1 of the Lair of Beasts
 15987 | Lair:1   | Noticed Grum
 15996 | Lair:1   | Killed Grum
 16000 | Lair:1   | Reached skill level 1 in Air Magic
 16076 | Lair:1   | Identified a scroll of acquirement
 16076 | Lair:1   | Acquired a book of Power
 16479 | Lair:1   | Reached skill level 5 in Armour
 16559 | Lair:1   | Found a runed translucent door.
 16560 | Lair:1   | Noticed brujo666's ghost (journeyman GnWn)
 16561 | Lair:1   | Noticed a spriggan rider
 16563 | Lair:1   | Identified the +8 trident of Fee Simple {holy, +Fly rPois
                  | rF+ Dex+4}
 16663 | Lair:1   | Found a stormy altar of Qazlal.
 16902 | Lair:1   | Reached skill level 6 in Armour
 16995 | Lair:1   | You are sucked into a shaft and drop 1 floor!
 16995 | Lair:2   | Found a staircase to the Swamp.
 16995 | Lair:2   | Noticed a cane toad
 17000 | Lair:2   | Noticed a six-headed hydra
 17247 | Lair:1   | Reached XP level 11. HP: 63/66 MP: 16/16
 17532 | Lair:2   | Reached skill level 5 in Air Magic
 17534 | Lair:2   | Reached skill level 7 in Armour
 17551 | Lair:2   | Noticed Nergalle
 17570 | Lair:2   | Killed Nergalle
 17600 | Lair:2   | Reached skill level 8 in Armour
 18136 | Lair:2   | Killed a six-headed hydra
 18525 | Lair:2   | Noticed a four-headed hydra
 18534 | Lair:2   | Reached skill level 9 in Armour
 18568 | Lair:2   | Killed a four-headed hydra
 19472 | Lair:3   | Noticed a death yak
 19472 | Lair:3   | Noticed a death yak
 19474 | Lair:3   | Noticed a death yak
 19475 | Lair:3   | Quit the game

Illustrated notes

Levels and vault maps discovered:
D:1:      wander_arrival_chamber, layout_rooms
D:2:      wad_pebble_path, layout_basic, minmay_box_of_dots
D:3:      minmay_diamond_boxcup, layout_basic, portal_sewer_entry_e,
          chequers_ecumenical_altar_island, uniq_grinder
D:4:      layout_gridville, minmay_bisected
D:5:      layout_rooms, minmay_temple_entry_gardened_gates
D:6:      layout_basic, nicolae_overflow_crystal_walls
D:7:      layout_gridville, lemuel_coloured_pillars_altar, gammafunk_ghost_arena
D:8:      layout_basic
D:9:      layout_basic, gammafunk_temple_overflow_pools, kennysheep_mini_moat,
          kennysheep_little_box, minmay_lair_entry_grove
D:10:     layout_rooms, uniq_psyche
Temple:   eino_temple_rhombus
Lair:1:   layout_chaotic_city, ebering_ghost_funeral_grove, basic_altar,
          chequers_serial_rivers_small_a, guppyfry_lair_drakes,
          serial_bayou_shore_b, uniq_grum
Lair:2:   layout_cave_pods, swamp_mist, infiniplex_staircase_pool_2,
          grunt_megastairs_5, lemuel_fruit_tree, uniq_nergalle
Lair:3:   layout_hall_layers, spider_nest_entry_rubble

Skill      XL: |  1  2  3  4  5  6  7  8  9 10 11 |
---------------+----------------------------------+-----
Summonings     | 5 6 7 8 |  8.6
Fighting       | 1 2 3 4 6 7 |  7.9
Polearms       | 1 2 3 4 5 7 |  7.0
Dodging        | 3 4 6 |  6.2
Throwing       | 1 2 |  2.0
Armour         | 1 2 6 9 |  9.2
Bows           | 2 |  2.3
Shields        | 1 3 4 |  4.0
Invocations    | 2 4 5 |  5.2
Spellcasting   | 3 |  3.0
Hexes          | 2 |  2.1
Air Magic      | 4 7 |  7.1
Stealth        | |  2.0

Action                   |  1- 3 |  4- 6 |  7- 9 | 10-12 || total
-------------------------+-------+-------+-------+-------++-------
Melee: Unarmed           |     6 |       |       |       ||     6
       Spear             |    63 |   176 |   372 |   282 ||   893
       Kick              |     8 |    22 |    81 |    63 ||   174
       Peck              |     3 |    16 |    49 |    44 ||   112
Throw: Dart              |       |       |     4 |     2 ||     6
 Cast: Summon Small Mamm |    10 |       |     1 |       ||    11
       Call Imp          |     7 |    10 |    31 |    11 ||    59
       Call Canine Famil |       |    12 |    40 |    14 ||    66
       Summon Guardian G |       |       |     2 |    13 ||    15
       Summon Lightning  |       |       |       |     2 ||     2
Invok: Lesser Servant of |       |       |       |     1 ||     1
 Abil: Fly               |       |     1 |       |       ||     1
Evoke: Wand              |       |       |    10 |     3 ||    13
  Use: Scroll            |     1 |     9 |    10 |     6 ||    26
       Potion            |     1 |     2 |     9 |     4 ||    16
 Stab: Sleeping          |     5 |    10 |     6 |     3 ||    24
       Distracted        |       |     4 |     5 |     2 ||    11
Armor: Robe              |     3 |       |       |       ||     3
       Skin              |    22 |    32 |    40 |       ||    94
       Leather armour    |       |    20 |    15 |    11 ||    46
Dodge: Dodged            |    20 |   100 |   150 |   146 ||   416
Block: Buckler           |       |       |    34 |    52 ||    86

Table legend: (Time is in decaauts)
 A = Elapsed time spent in this place.
 B = Non-inter-level travel time spent in this place.
 C = Inter-level travel time spent in this place.
 D = Time resting spent in this place.
 E = Time spent auto-exploring this place.
 F = Levels seen in this place.
 G = Mean time per level.
                   A        B        C        D        E       F      G
               +--------+--------+--------+--------+--------+-----+--------+
         Total |  18784 |  17969 |    815 |   8584 |   6439 |  15 | 1252.3 |
       Dungeon |  14936 |  14254 |    682 |   7342 |   4448 |  10 | 1493.6 |
        Temple |    282 |    202 |     80 |      0 |    146 |   1 |  282.0 |
          Lair |   3298 |   3245 |     53 |   1188 |   1695 |   3 | 1099.3 |
         Sewer |    266 |    266 |      0 |     53 |    148 |   1 |  266.0 |
               +--------+--------+--------+--------+--------+-----+--------+

Top non-repeatable levels by time:
     D:7: 2622 daAuts
     D:6: 2173 daAuts
     D:9: 2135 daAuts
  Lair:2: 1947 daAuts
     D:2: 1759 daAuts
     D:5: 1581 daAuts
     D:3: 1551 daAuts
     D:8: 1364 daAuts
  Lair:1: 1342 daAuts
     D:4: 908 daAuts
     D:1: 839 daAuts
  Temple: 282 daAuts
   Sewer: 266 daAuts
  Lair:3: 7 daAuts
    D:10: 1 daAuts
